AoeStats
← 风吹的味道

Nomad

507948960Analyzed
4v4 RM · 13d ago on Sep 20, 2026· 58m 4s· 8 players
Game mode
Random Map
Map size
231×231
Population
200
Speed
Normal
Resources
Standard
Victory
Conquest
Starting age
Dark Age
Ending age
Imperial Age
RankedLock teamsTeams togetherTeam positionsShared explorationLock speedFull tech treeHidden civsTurbo modeCheats
Victory
Defeat
1692
+8
🇭🇰 Georgians · Hong Kong SAR China
1630
+11
🇦🇷 Burmese · Argentina
1543
+14
🇮🇳 Khitans · India
1536
+13
🇸🇬 Poles · Singapore
1574
-14
🇨🇳 Teutons · China
1539
-13
🇯🇵 Lithuanians · Japan
1499
-11
🇨🇳 Persians · China
1407
-8
Chim cu đi tắm
5:03 Loom
12:23 Feudal Age
16:36 Castle Age
20:05 Padded Archer Armor
24:52 Wheelbarrow
28:19 Ballistics
31:55 Imperial Age
31:20 Gold Mining
33:41 Horse Collar
35:16 Bloodlines
35:07 Husbandry
35:14 Heavy Plow
35:56 Conscription
37:06 Hand Cart
38:35 Chemistry
38:36 Crop Rotation
42:24 Scale Barding Armor
43:57 Chain Barding Armor
43:58 Elite Arambai
46:21 Plate Barding Armor
45:57 Forging
47:22 Gold Shaft Mining
48:55 Iron Casting
47:41 Light Cavalry
48:31 Manipur Cavalry
50:53 Blast Furnace
49:31 Hussar
vidsag
4:28 Loom
13:51 Feudal Age
17:21 Double-Bit Axe
24:18 Town Watch
28:22 Castle Age
27:34 Fishing Lines
33:31 Imperial Age
33:18 Squires
34:45 Bow Saw
34:29 Gold Mining
45:10 Domestication
47:41 Wheelbarrow
48:39 Hand Cart
56:49 Conscription
55:50 Elite Liao Dao
57:30 Scale Mail Armor
58:25 Chain Mail Armor
OmegaJ256
11:05 Loom
17:24 Feudal Age
20:33 Double-Bit Axe
23:19 Castle Age
22:10 Gold Mining
24:39 Bow Saw
33:22 Fletching
34:58 Sanctity
36:28 Bodkin Arrow
38:39 Ballistics
44:49 Redemption
45:37 Fervor
46:52 Guard Tower
48:40 Wheelbarrow
49:19 Svan Towers
53:34 Imperial Age
51:21 Hand Cart
50:50 Treadmill Crane
51:34 Bloodlines
51:24 Husbandry
52:04 Padded Archer Armor
52:16 Masonry
52:03 Murder Holes
54:59 Keep
54:27 Bracer
55:11 Theocracy
54:57 Block Printing
55:22 Architecture
55:48 Arrowslits
58:22 Chemistry
自有大儒为我辩经
5:24 Loom
14:01 Feudal Age
19:24 Castle Age
17:16 Fishing Lines
18:29 Double-Bit Axe
18:36 Gold Mining
20:31 Medium Warships
21:10 Bow Saw
22:53 Gillnets
24:07 Horse Collar
25:11 Demolition Ship
28:05 Wheelbarrow
27:51 Clinker Construction
27:47 Siphons
27:55 Clinker Construction
29:46 Gold Shaft Mining
29:02 Stone Mining
32:57 Stone Shaft Mining
35:22 Imperial Age
33:26 Husbandry
34:25 Scale Barding Armor
34:31 Forging
35:32 Chain Barding Armor
36:13 Heavy Camel Rider
38:09 Hand Cart
38:02 Heavy Plow
38:58 Plate Barding Armor
39:19 Conscription
40:35 Iron Casting
40:49 Coinage
41:13 Pikeman
41:53 Squires
43:06 Scale Mail Armor
43:02 Halberdier
45:34 Chain Mail Armor
46:39 Banking
45:31 Capped Ram
47:18 Chemistry
47:03 Siege Ram
49:34 Crop Rotation
50:09 Two-Man Saw
49:58 Fortified Wall
51:30 Plate Mail Armor
53:37 Heavy Warships
56:09 Arson
56:26 Padded Archer Armor
57:04 Treadmill Crane
风吹的味道
11:09 Loom
13:17 Feudal Age
14:47 Double-Bit Axe
17:08 Castle Age
15:51 Fishing Lines
16:40 Forging
17:59 Medium Warships
18:00 Bow Saw
19:26 Gillnets
20:21 Wheelbarrow
21:56 Gold Mining
26:19 Iron Casting
28:21 Careening
28:22 Clinker Construction
33:03 Horse Collar
36:23 Imperial Age
34:19 Heavy Plow
36:19 Scale Barding Armor
37:23 Husbandry
37:33 Bloodlines
38:39 Chain Barding Armor
41:31 Hand Cart
41:01 Town Watch
41:40 Conscription
41:23 Stone Mining
43:08 Elite Leitis
45:37 Plate Barding Armor
45:03 Scale Mail Armor
45:05 Squires
44:50 Arson
44:49 Pikeman
45:59 Chain Mail Armor
46:12 Devotion
46:38 Halberdier
47:54 Tower Shields
54:31 Fletching
54:41 Padded Archer Armor
55:43 Chemistry
55:59 Elite Skirmisher
56:57 Bodkin Arrow
shenxu
9:13 Loom
37:31 Feudal Age
41:18 Castle Age
39:18 Double-Bit Axe
39:19 Horse Collar
42:34 Bow Saw
43:08 Wheelbarrow
45:11 Heavy Plow
47:40 Sanctity
49:11 Fervor
51:00 Redemption
55:44 Fletching
56:49 Bodkin Arrow
PIGGY FOR AGE
9:42 Loom
13:50 Feudal Age
17:52 Castle Age
16:11 Double-Bit Axe
18:05 Wheelbarrow
19:31 Scale Barding Armor
27:02 Forging
29:05 Husbandry
29:35 Bow Saw
30:31 Bloodlines
31:37 Light Cavalry
32:44 Fletching
34:05 Bodkin Arrow
36:40 Town Watch
36:43 Fishing Lines
45:29 Medium Warships
47:08 Chain Barding Armor
52:27 Clinker Construction
51:58 Treadmill Crane
小弱鸡
13:19 Feudal Age
11:53 Loom
16:47 Castle Age
14:47 Double-Bit Axe
15:28 Fletching
15:41 Town Watch
15:42 Fishing Lines
17:43 Bow Saw
18:29 Parthian Tactics
20:02 Bodkin Arrow
20:43 Padded Archer Armor
21:59 Gillnets
22:55 Leather Archer Armor
24:41 Horse Collar
25:22 Husbandry
25:33 Bloodlines
26:14 Ballistics
26:35 Wheelbarrow
27:34 Thumb Ring
31:12 Heavy Plow
34:09 Imperial Age
31:59 Hand Cart
32:31 Gold Mining
32:33 Stone Mining
33:19 Scale Barding Armor
33:25 Forging
34:36 Gold Shaft Mining
35:06 Ring Archer Armor
35:00 Conscription
34:03 Cavalier
36:18 Chain Barding Armor
35:28 Savar
38:10 Plate Barding Armor
38:13 Heavy Camel Rider
40:45 Iron Casting
40:12 Light Cavalry
43:18 Guilds
42:49 Pikeman
43:30 Squires
44:00 Arson
45:13 Halberdier
46:55 Blast Furnace
45:56 Scale Mail Armor
45:38 Halberdier
45:45 Elite Skirmisher
47:44 Chemistry
48:27 Masonry
49:13 Chain Mail Armor
51:00 Crop Rotation
52:50 Two-Man Saw
58:06 Architecture
Connection lost

Rejoining the realm…

Still unreachable

The connection could not be restored.

Session expired

The server has moved on; the page needs a fresh start.